[Event "Werner Ott Kreuzberger 2019"]
[Site "Berlin"]
[Date "2019.06.25"]
[Round "1.2"]
[White "Matthes, Aaron"]
[Black "Malek, Daniel"]
[Result "1/2-1/2"]
[ECO "A45"]
[WhiteElo "1791"]
[BlackElo "2362"]
[Annotator "NA"]
[PlyCount "93"]
[EventDate "2019.06.22"]
[EventType "swiss"]
[EventCountry "GER"]
[SourceTitle "playchess.com"]
[Source "ChessBase"]
[SourceQuality "1"]
[TimeControl "40/5400+30:1800+30"]

1. d4 Nf6 2. Bf4 c5 3. c3 Qb6 4. Qb3 Qxb3 5. axb3 cxd4 6. Bxb8 Rxb8 7. Rxa7 dxc3 8. bxc3 e6 9. e3 d5 10. Nf3 Bd6 11. Nbd2 Bd7 12. Bd3 Ke7 13. O-O Rhc8 14. c4 Bc5 15. Ra2 Ra8 16. Rfa1 Rxa2 17. Rxa2 Bb4 18. h4 g6 19. Kf1 dxc4 20. bxc4 Rc7 21. Ne5 Be8 22. Ndf3 Nd7 23. Nxd7 Bxd7 24. Rb2 Bc5 25. Nd4 e5 26. Nb5 Bxb5 27. cxb5 f5 28. Ke2 b6 29. Ra2 e4 30. Bc4 Bxe3 31. Kxe3 Rxc4 32. Ra6 Rc3+ 33. Kf4 Rc2 34. Ke3 Kf6 35. Rxb6+ Ke5 36. g3 Rb2 37. Rb7 h6 38. Re7+ Kf6 39. Rc7 Rxb5 40. Rc6+ Kg7 41. Rc7+ Kf8 42. Rc8+ Kf7 43. Rc7+ Ke8 44. Rc6 Rb3+ 45. Ke2 Kf7 46. Rc7+ Kf6 47. Rc6+ 1/2-1/2

[Event "Werner Ott Kreuzberger 2019"]
[Site "Berlin"]
[Date "2019.06.25"]
[Round "3.2"]
[White "Federau, Juergen"]
[Black "Noetzel, Felix"]
[Result "1/2-1/2"]
[ECO "D45"]
[WhiteElo "2124"]
[BlackElo "2203"]
[Annotator "NA"]
[PlyCount "76"]
[EventDate "2019.06.22"]
[EventType "swiss"]
[EventCountry "GER"]
[SourceTitle "playchess.com"]
[Source "ChessBase"]
[SourceQuality "1"]
[TimeControl "40/5400+30:1800+30"]

1. d4 d5 2. c4 e6 3. Nc3 c6 4. e3 Nf6 5. Nf3 Nbd7 6. b3 Bd6 7. Bb2 Ne4 8. Nxe4 dxe4 9. Nd2 f5 10. Qh5+ g6 11. Qe2 O-O 12. h4 c5 13. h5 g5 14. O-O-O Qf6 15. f3 exf3 16. Nxf3 g4 17. Ne1 e5 18. dxe5 Bxe5 19. Nd3 Bxb2+ 20. Qxb2 Qxb2+ 21. Kxb2 Re8 22. Re1 b6 23. Nf4 Nf6 24. Bd3 Re5 25. h6 Bb7 26. Re2 Rae8 27. Rhe1 g3 28. Kc3 Kf7 29. Kd2 Rd8 30. Kc3 Be4 31. Bxe4 Nxe4+ 32. Kc2 Rd6 33. Rh1 Nf2 34. Rh5 Kf6 35. Nd5+ Kg6 36. Nf4+ Kf6 37. Nd5+ Kg6 38. Nf4+ Kf6 1/2-1/2

[Event "Werner Ott Kreuzberger 2019"]
[Site "Berlin"]
[Date "2019.06.25"]
[Round "4.2"]
[White "Vogel, Constantin"]
[Black "Krefenstein, Sergej"]
[Result "1-0"]
[ECO "A20"]
[WhiteElo "2073"]
[BlackElo "2158"]
[Annotator "NA"]
[PlyCount "53"]
[EventDate "2019.06.22"]
[EventType "swiss"]
[EventCountry "GER"]
[SourceTitle "playchess.com"]
[Source "ChessBase"]
[SourceQuality "1"]
[TimeControl "40/5400+30:1800+30"]

1. c4 e5 2. g3 c6 3. d4 e4 4. Bg2 d5 5. Nc3 Nf6 6. cxd5 cxd5 7. Nh3 Nbd7 8. O-O Be7 9. Qb3 Nb6 10. Bg5 h6 11. Bxf6 Bxf6 12. Nf4 Be6 13. a4 Qd7 14. a5 Nc4 15. Nxe6 fxe6 16. Nxe4 Bxd4 17. Rfd1 Bxb2 18. Nc5 Qe7 19. Nxe6 Bxa1 20. Bxd5 Nd6 21. Qa4+ Qd7 22. Qxa1 Ke7 23. Qxg7+ Nf7 24. Nf4 Raf8 25. Ng6+ Ke8 26. Bxf7+ Qxf7 27. Qe5+ 1-0

[Event "Werner Ott Kreuzberger 2019"]
[Site "Berlin"]
[Date "2019.06.26"]
[Round "5.1"]
[White "Zeitz, Philip"]
[Black "Nohr, Jonas"]
[Result "1/2-1/2"]
[ECO "A14"]
[WhiteElo "2202"]
[BlackElo "2108"]
[Annotator "NA"]
[PlyCount "45"]
[EventDate "2019.06.22"]
[EventType "swiss"]
[EventCountry "GER"]
[SourceTitle "playchess.com"]
[Source "ChessBase"]
[SourceQuality "1"]
[TimeControl "40/5400+30:1800+30"]

1. c4 e6 2. g3 d5 3. Bg2 Nf6 4. Nf3 Be7 5. O-O O-O 6. b3 Nbd7 7. Bb2 c6 8. d3 b6 9. Nbd2 Bb7 10. e4 dxe4 11. dxe4 c5 12. e5 Ne4 13. Nxe4 Bxe4 14. Qe2 Bb7 15. Nd2 Bxg2 16. Kxg2 Qc7 17. f4 Qc6+ 18. Kg1 Rae8 19. Rfe1 f6 20. exf6 Bxf6 21. Bxf6 gxf6 22. Ne4 f5 23. Nc3 1/2-1/2

[Event "Werner Ott Kreuzberger 2019"]
[Site "Berlin"]
[Date "2019.06.26"]
[Round "5.2"]
[White "Wierzbicki, Jirawat"]
[Black "Vogel, Constantin"]
[Result "0-1"]
[ECO "B22"]
[WhiteElo "2152"]
[BlackElo "2073"]
[Annotator "NA"]
[PlyCount "44"]
[EventDate "2019.06.22"]
[EventType "swiss"]
[EventCountry "GER"]
[SourceTitle "playchess.com"]
[Source "ChessBase"]
[SourceQuality "1"]
[TimeControl "40/5400+30:1800+30"]

1. e4 c5 2. c3 g6 3. d4 cxd4 4. cxd4 d5 5. Nc3 dxe4 6. Bc4 Bg7 7. Qb3 e6 8. d5 Ne7 9. dxe6 Bxe6 10. Bxe6 fxe6 11. Nxe4 Qd5 12. Qxd5 Nxd5 13. Nd6+ Kd7 14. Nxb7 Na6 15. Nf3 Rab8 16. Na5 Nab4 17. Kd1 Nd3 18. Ke2 Nxc1+ 19. Raxc1 Rxb2+ 20. Kf1 Rc8 21. Nc4 Ke7 22. Rg1 Nb6 0-1

[Event "Werner Ott Kreuzberger 2019"]
[Site "Berlin"]
[Date "2019.06.28"]
[Round "7.1"]
[White "Foerster, Jonas"]
[Black "Noetzel, Felix"]
[Result "0-1"]
[ECO "D36"]
[WhiteElo "2274"]
[BlackElo "2203"]
[Annotator "NA RC"]
[PlyCount "69"]
[EventDate "2019.06.22"]
[EventType "swiss"]
[EventCountry "GER"]
[SourceTitle "playchess.com"]
[Source "ChessBase"]
[SourceQuality "1"]
[TimeControl "40/5400+30:1800+30"]

1. Nf3 d5 2. d4 e6 3. c4 c6 4. Qc2 Nf6 5. Bg5 Nbd7 6. cxd5 exd5 7. Nc3 Be7 8. e3 O-O 9. Bd3 Re8 10. O-O Nf8 11. Ne5 g6 12. f4 Ne6 13. Bxf6 Bxf6 14. f5 Ng7 15. fxg6 fxg6 16. Qf2 Bxe5 17. dxe5 Rf8 18. Qg3 Bf5 19. Rad1 Bxd3 20. Rxd3 Rxf1+ 21. Kxf1 Qb6 22. b3 Rf8+ 23. Ke2 Nf5 24. Qg5 Qc5 25. g4 Ng7 26. h4 Ne6 27. Qh6 d4 28. exd4 Nxd4+ 29. Kd2 Rf2+ 30. Ke1 Nf3+ 31. Kd1 Rf1+ 32. Kc2 Qf2+ 33. Rd2 Nxd2 34. Qxd2 Qxd2+ 35. Kxd2 0-1

[Event "Werner Ott Kreuzberger 2019"]
[Site "Berlin"]
[Date "2019.06.29"]
[Round "8.1"]
[White "Noetzel, Felix"]
[Black "Malek, Daniel"]
[Result "1-0"]
[ECO "C01"]
[WhiteElo "2203"]
[BlackElo "2362"]
[Annotator "ChessBase"]
[PlyCount "91"]
[EventDate "2019.06.22"]
[EventType "swiss"]
[EventCountry "GER"]
[SourceTitle "playchess.com"]
[Source "ChessBase"]
[SourceQuality "1"]
[TimeControl "40/5400+30:1800+30"]

1. e4 e6 2. d4 d5 3. exd5 exd5 4. Bd3 c5 5. Nf3 c4 6. Be2 Bd6 7. b3 cxb3 8. axb3 Ne7 9. O-O O-O 10. Na3 Nbc6 11. c4 Bf5 12. c5 Bc7 13. Nb5 Re8 14. Be3 Be4 15. Ng5 Bg6 16. Bf3 Bb8 17. Qd2 a6 18. Nh3 axb5 19. Rxa8 Bxh2+ 20. Kxh2 Qxa8 21. Nf4 Rd8 22. Nxg6 hxg6 23. g4 b4 24. Bf4 Qa3 25. Qe3 Qb2 26. Rd1 Nc8 27. Bxd5 Rxd5 28. Qe8+ Kh7 29. Kg2 N8e7 30. Rh1+ Rh5 31. gxh5 Qxd4 32. hxg6+ Kxg6 33. Bg3 Qd5+ 34. Kg1 Nf5 35. Qe2 Ncd4 36. Qh5+ Kf6 37. Bh4+ Ke6 38. Rh3 Qe4 39. Bg5 g6 40. Qd1 Ne2+ 41. Kf1 Ned4 42. f3 Qe5 43. Qd3 Qxc5 44. Rh8 Qc6 45. Kf2 f6 46. Bd2 1-0

[Event "Werner Ott Kreuzberger 2019"]
[Site "Berlin"]
[Date "2019.06.29"]
[Round "8.2"]
[White "Vogel, Constantin"]
[Black "Stern, Rene"]
[Result "0-1"]
[ECO "A40"]
[WhiteElo "2073"]
[BlackElo "2538"]
[Annotator "RC"]
[PlyCount "62"]
[EventDate "2019.06.22"]
[EventType "swiss"]
[EventCountry "GER"]
[SourceTitle "playchess.com"]
[Source "ChessBase"]
[SourceQuality "1"]
[TimeControl "40/5400+30:1800+30"]

1. c4 b6 2. Nc3 Bb7 3. d4 e6 4. e4 Bb4 5. Bd3 f5 6. Qh5+ g6 7. Qe2 Nf6 8. e5 Ne4 9. Bxe4 Bxe4 10. f3 Bb7 11. h4 Nc6 12. Qd3 Be7 13. g3 d6 14. exd6 Qxd6 15. Bf4 e5 16. Nb5 Qd7 17. Bh6 a6 18. Nc3 exd4 19. Nd5 Nb4 20. Nxb4 Bxb4+ 21. Kf2 O-O-O 22. Ne2 Rhe8 23. Rhd1 Bc5 24. Ng1 Re6 25. a3 a5 26. Rab1 a4 27. Kf1 Rde8 28. Re1 Rxe1+ 29. Rxe1 Rxe1+ 30. Kxe1 Ba6 31. Ne2 Qe6 0-1

[Event "Werner Ott Kreuzberger 2019"]
[Site "Berlin"]
[Date "2019.06.30"]
[Round "9.1"]
[White "Gebigke, Martin"]
[Black "Noetzel, Felix"]
[Result "0-1"]
[ECO "D30"]
[WhiteElo "2086"]
[BlackElo "2203"]
[Annotator "NA"]
[PlyCount "72"]
[EventDate "2019.06.22"]
[EventType "swiss"]
[EventCountry "GER"]
[SourceTitle "playchess.com"]
[Source "ChessBase"]
[SourceQuality "1"]
[TimeControl "40/5400+30:1800+30"]

1. d4 d5 2. c4 e6 3. Nf3 c6 4. g3 dxc4 5. Bg2 b5 6. O-O Bb7 7. a4 Nd7 8. Qc2 Ngf6 9. e4 Be7 10. Rd1 O-O 11. Bf4 Qc8 12. Nbd2 h6 13. h4 a6 14. Bh3 Rd8 15. g4 c5 16. g5 Nh5 17. Be3 hxg5 18. hxg5 cxd4 19. Nxd4 Ne5 20. N2f3 Nxf3+ 21. Nxf3 Qc7 22. axb5 axb5 23. Rxa8 Bxa8 24. Rxd8+ Bxd8 25. g6 Nf4 26. gxf7+ Kxf7 27. Bg4 Nd3 28. Nd4 Bxe4 29. Bxe6+ Kf6 30. Qd2 Qe5 31. Bg4 Bc7 32. Kf1 b4 33. f3 Bg6 34. Nc6 Qg3 35. Nxb4 Nxb4 36. Qc3+ Be5 0-1

[Event "Werner Ott Kreuzberger 2019"]
[Site "Berlin"]
[Date "2019.06.30"]
[Round "9.2"]
[White "Stern, Rene"]
[Black "Foerster, Jonas"]
[Result "1-0"]
[ECO "B07"]
[WhiteElo "2538"]
[BlackElo "2274"]
[Annotator "ChessBase"]
[PlyCount "77"]
[EventDate "2019.06.22"]
[EventType "swiss"]
[EventCountry "GER"]
[SourceTitle "playchess.com"]
[Source "ChessBase"]
[SourceQuality "1"]
[TimeControl "40/5400+30:1800+30"]

1. Nf3 d6 2. d4 g6 3. e4 Bg7 4. c3 Nf6 5. Bd3 O-O 6. O-O Nc6 7. d5 Nb8 8. h3 c6 9. c4 Na6 10. Nc3 Nc5 11. Bc2 a6 12. Be3 cxd5 13. exd5 Qc7 14. Nd4 e5 15. dxe6 Nxe6 16. Na4 Nxd4 17. Bxd4 Be6 18. Nb6 Rad8 19. Rc1 Nd7 20. Bxg7 Kxg7 21. Qd4+ Kg8 22. Nd5 Bxd5 23. Qxd5 Rfe8 24. Be4 Nc5 25. Bf3 Qb6 26. Qd4 Qb4 27. Rfd1 a5 28. h4 Re5 29. g3 Ne6 30. Qd2 b6 31. Rc3 a4 32. Bd5 Qc5 33. Kg2 Nc7 34. Bf3 h5 35. Rd3 Re6 36. Rd4 Rf6 37. b4 axb3 38. axb3 Qf5 39. Rf4 1-0